 Dungeon Crawl Stone Soup version 0.28-a0-957-g42eb19b844 (console) character file.

Game seed: 4285635887759200923

14676 jejorda2 the Carver (level 11, -8/86 HPs)
             Began as a Palentonga Berserker on Nov 30, 2021.
             Was a Priest of Trog.
             Killed from afar by a manticore (12 damage)
             ... with a volley of spikes
             ... on level 1 of the Lair of Beasts.
             The game lasted 00:30:45 (12950 turns).

jejorda2 the Carver (Palentonga Berserker)         Turns: 12950, Time: 00:30:45

Health: -8/86      AC: 27    Str: 23    XL:     11   Next: 91%
Magic:  11/11      EV:  3    Int:  7    God:    Trog [***...]
Gold:   615        SH:  5    Dex: 12    Spells: 10/10 levels left

rFire   . . .      SeeInvis +   w - +2 short sword (speed)
rCold   + . .      Faith    .   (no shield)
rNeg    . . .      Spirit   .   j - +0 plate armour
rPois   .          Reflect  +   v - +1 helmet
rElec   .          Harm     .   (no cloak)
rCorr   .          Rampage  .   (no gloves)
Will    +++..                   d - +2 barding {rC+}
Stlth   ..........              r - amulet of reflection
HPRegen 1.24/turn               m - ring of willpower
MPRegen 0.12/turn               (no ring)

@: brilliant, strong-willed, spiked, on berserk cooldown, regenerating, slowed,
studying Long Blades, curled up, very slow
A: large, rugged brown scales 3, see invisible, deformed body, roll 1, armoured
tail, reflexive curl
a: Rolling Charge, Renounce Religion, Berserk, Trog's Hand


You were on level 1 of the Lair of Beasts.
You worshipped Trog.
Trog was most pleased with you.
You visited 2 branches of the dungeon, and saw 10 of its levels.

You collected 615 gold pieces.

Inventory:

Hand Weapons
 a - a +0 scimitar
 b - a +1 fustibalus
 w - a +2 short sword of speed (weapon)
Missiles
 f - 291 stones
 h - 31 sling bullets
 n - 7 boomerangs
 o - 39 poisoned darts
 u - 9 javelins
Armour
 d - a +2 barding of cold resistance (worn)
 j - a +0 plate armour (worn)
 v - a +1 helmet (worn)
Jewellery
 m - a ring of willpower (left hand)
 r - an amulet of reflection (around neck)
Wands
 g - a wand of digging (6)
 k - a wand of acid (6)
 t - a wand of polymorph (8)
Scrolls
 y - a scroll of magic mapping
 E - 2 scrolls of teleportation
Potions
 c - a potion of brilliance
 i - 2 potions of resistance
 l - a potion of flight {unknown}
 p - a potion of cancellation {unknown}
 q - 2 potions of lignification {unknown}
 s - 2 potions of curing {unknown}
 x - a potion of attraction {unknown}
 z - 2 potions of ambrosia {unknown}
 B - a potion of invisibility {unknown}
 C - 3 potions of might
 D - 2 potions of berserk rage
 F - a potion of degeneration {unknown}


   Skills:
 + Level 6.3 Fighting
 - Level 10.0(12.7) Short Blades
 - Level 12.6(14.0) Long Blades
 + Level 5.3(6.6) Slings
 * Level 5.8(6.8) Throwing
 + Level 6.2 Armour
 - Level 1.5 Dodging


You had 10 spell levels left.
You didn't know any spells.
Your spell library was empty.

Dungeon Overview and Level Annotations

Branches:
Dungeon (9/15)             Temple (0/1) D:4            Lair (1/6) D:9
    Orc: D:9-12

Altars:
Ashenzari
Dithmenos
Okawaru
Qazlal
Ru
Uskayaw
Vehumet
Wu Jian


Innate Abilities, Weirdness & Mutations

You are completely covered in rugged brown scales. (AC +3, +7% HP)
You have supernaturally acute eyesight. (SInv)
Armour fits poorly on your strangely shaped body.
You can roll at nearby foes to attack.
You have a long armoured tail.
You curl defensively after being hit. (AC +7*)


Message History

The manticore is lightly wounded.
You feel sick. The manticore bites you.
* * * LOW HITPOINT WARNING * * *
The manticore claws you but does no damage. x2
Unknown command.
It was a potion of brilliance.
You feel clever all of a sudden.
You feel sick.
The manticore bites you but does no damage.
The manticore claws you but does no damage.
The manticore claws you.
* * * LOW HITPOINT WARNING * * *
Press: ? - help, v - describe, . - travel, g - get item
Here: a manticore (moderately wounded, very poisoned, slow) Item here: a curare-tipped dart.
The floor.
Unknown command.
There's nothing to close nearby.
Aiming: Corrosive Bolt
Press: ? - help, Shift-Dir - straight line, f/p - manticore
Aim: a manticore (moderately wounded, very poisoned, slow, 83% to hit)
The bolt of acid hits the manticore!
The acid corrodes the manticore!
The manticore is heavily wounded.
You feel sick. The manticore barely misses you.
You block the manticore's attack. x2
Aiming: Corrosive Bolt
Press: ? - help, Shift-Dir - straight line, f/p - manticore
Aim: a manticore (heavily wounded, very poisoned, slow, covered in acid, 83% to hit)
The bolt of acid hits the manticore!
The manticore seems to be corroded for longer.
The manticore is severely wounded.
You feel sick.
You are no longer poisoned.
The manticore bites you.
* * * LOW HITPOINT WARNING * * *
The manticore claws you but does no damage. x2
The manticore flicks its tail.
The volley of spikes hits you!
The barbed spikes become lodged in your body.
You die...

.#...≈≈≈#...###...##
.##...≈≈#### ##..#
####..≈≈# ###..#
##....≈≈######.#..###
.....≈≈≈##..........#
..≈≈≈≈≈≈#...........#
≈≈≈≈≈≈≈##...........#
≈≈≈≈#### .......†...#
##### .......@.).#
...........#
#......H.((#
...........#
...........#
...........#
.........^.#
...........#
...........#


You could see a manticore (poisoned, slow, corroded).

Vanquished Creatures
  2 hydras (Lair:1)
  3 two-headed ogres (D:9)
  Urug (Lair:1)
  3 black mambas (Lair:1)
  4 komodo dragons (Lair:1)
  4 cane toads (Lair:1)
  A kobold demonologist (D:6)
  A troll (D:9)
  Grinder (D:5)
  A vampire (D:8)
  6 yaks
  2 wyverns (Lair:1)
  A basilisk (Lair:1)
  4 fire bats
  A steam dragon (Lair:1)
  An acid dragon (D:7)
  10 water moccasins
  3 orc warriors
  A sky beast (D:6)
  A black bear (Lair:1)
  An ice beast (D:6)
  3 ogres
  3 centaurs
  4 wolves (Lair:1)
  A kobold brigand (D:7)
  5 bullfrogs
  2 gnoll sergeants
  2 scorpions
  5 killer bees (D:8)
  20 wights
  A howler monkey (D:4)
  An electric eel (Lair:1)
  3 centaur zombies
  2 bullfrog zombies
  3 jellies
  A hound (D:7)
  6 orc priests
  An iguana (D:6)
  A hell rat (Lair:1)
  7 orc wizards
  A killer bee zombie (D:8)
  12 gnolls
  8 adders
  3 shadow imps
  A white imp (D:5)
  An ufetubus (D:7)
  2 dart slugs (D:1)
  30 orcs
  8 ball pythons
  6 bats
  7 endoplasms
  4 giant cockroaches
  6 hobgoblins
  4 jackals (D:1)
  8 kobolds
  2 quokkas
  A frilled lizard (D:2)
  12 goblins
  10 rats
249 creatures vanquished.

Vanquished Creatures (others)
  6 fungi (Lair:1)
  4 plants (Lair:1)
10 creatures vanquished.

Grand Total: 259 creatures vanquished

Notes
Turn   | Place    | Note
-------+----------+-------------------------------------------
     0 | D:1      | jejorda2 the Palentonga Berserker began the quest for the
                  | Orb.
     0 | D:1      | Reached XP level 1. HP: 19/19 MP: 1/1
    86 | D:1      | Reached XP level 2. HP: 23/25 MP: 2/2
   547 | D:1      | Reached XP level 3. HP: 31/31 MP: 3/3
  1024 | D:2      | Found a radiant altar of Vehumet.
  1344 | D:2      | Reached ** piety under Trog
  1464 | D:2      | Reached XP level 4. HP: 31/37 MP: 4/4
  2049 | D:3      | Found an ornate altar of the Wu Jian Council.
  2175 | D:3      | Reached XP level 5. HP: 41/44 MP: 5/5
  2297 | D:3      | Found a faded altar of an unknown god.
  2495 | D:4      | Found a staircase to the Ecumenical Temple.
  2669 | D:4      | Noticed an ogre
  2674 | D:4      | Killed an ogre
  2675 | D:4      | Reached skill level 5 in Short Blades
  2675 | D:4      | Reached skill level 1 in Long Blades
  2675 | D:4      | Reached XP level 6. HP: 46/51 MP: 6/6
  3072 | D:4      | Reached skill level 2 in Long Blades
  3370 | D:5      | Entered Level 5 of the Dungeon
  3390 | D:5      | Gained mutation: You curl defensively after being hit. (AC
                  | +7*) [Palentonga growth]
  3390 | D:5      | Reached XP level 7. HP: 58/58 MP: 7/7
  3475 | D:5      | Identified the +6 whip of Ointment {vorpal, rC+ Will+
                  | rCorr}
  3494 | D:5      | Noticed Grinder
  3505 | D:5      | Killed Grinder
  3506 | D:5      | Reached skill level 5 in Fighting
  3506 | D:5      | Reached skill level 3 in Long Blades
  3567 | D:5      | Found a broken altar of Ashenzari.
  3727 | D:5      | Reached XP level 8. HP: 34/67 MP: 8/8
  4464 | D:6      | Found a hide-covered altar of Uskayaw.
  4481 | D:6      | Reached skill level 4 in Long Blades
  4975 | D:6      | Noticed a kobold demonologist
  4990 | D:6      | Killed a kobold demonologist
  5538 | D:7      | Reached skill level 5 in Long Blades
  5538 | D:7      | Reached skill level 5 in Armour
  5919 | D:7      | Reached XP level 9. HP: 54/73 MP: 9/9
  6435 | D:7      | Reached *** piety under Trog
  6436 | D:7      | Reached skill level 6 in Long Blades
  7071 | D:7      | Identified 2 scrolls of acquirement
  7071 | D:7      | Acquired a manual of Long Blades
  7073 | D:7      | Acquired a +2 barding of cold resistance
  7191 | D:8      | Reached skill level 7 in Long Blades
  8042 | D:8      | Reached skill level 8 in Long Blades
  8603 | D:8      | Found a stormy altar of Qazlal.
  8817 | D:9      | Reached XP level 10. HP: 57/81 MP: 10/10
  8824 | D:9      | Reached skill level 9 in Long Blades
  8967 | D:9      | Found an iron altar of Okawaru.
  9062 | D:9      | Noticed a two-headed ogre
  9066 | D:9      | Reached skill level 10 in Long Blades
  9073 | D:9      | Killed a two-headed ogre
  9074 | D:9      | Reached skill level 10 in Short Blades
  9148 | D:9      | Noticed a two-headed ogre
  9163 | D:9      | Killed a two-headed ogre
  9164 | D:9      | Reached skill level 12 in Long Blades
  9349 | D:9      | Reached **** piety under Trog
  9515 | D:9      | Found a large runed translucent door.
  9515 | D:9      | Found a large runed translucent door.
  9606 | D:9      | Found a staircase to the Lair.
  9848 | D:9      | Identified the +2 hunting sling "Kiafudeo" {venom, Will++
                  | Str+8}
 10085 | D:9      | Found a shadowy altar of Dithmenos.
 10296 | D:9      | Found a sacrificial altar of Ru.
 10296 | D:9      | Noticed a two-headed ogre
 10303 | D:9      | Killed a two-headed ogre
 10304 | D:9      | Reached skill level 1 in Slings
 10361 | Lair:1   | Entered Level 1 of the Lair of Beasts
 10752 | Lair:1   | Reached XP level 11. HP: 60/86 MP: 11/11
 11783 | Lair:1   | Found the +8 whip "Snakebite" {venom, curare, rPois}
 12347 | Lair:1   | Noticed an eight-headed hydra
 12348 | Lair:1   | Noticed an eight-headed hydra
 12369 | Lair:1   | Killed an eight-headed hydra
 12375 | Lair:1   | Reached skill level 5 in Throwing
 12449 | Lair:1   | Reached skill level 5 in Slings
 12915 | Lair:1   | Noticed Urug
 12927 | Lair:1   | Killed an eight-headed hydra
 12939 | Lair:1   | Killed Urug
 12947 | Lair:1   | HP: 4/86 [manticore (1)]
 12950 | Lair:1   | Killed from afar by a manticore

Illustrated notes

Levels and vault maps discovered:
D:1:      dpeg_arrival_boxorama, layout_loops_ring,
          amcnicky_mini_rare_corridor_liquid
D:2:      layout_loops_ring, basic_altar
D:3:      layout_loops_cross, nicolae_overflow_hidden_temple,
          hellmonk_ecumenical_altar_zigzags, chequers_serial_rivers_micro_a
D:4:      layout_loops_corners, minmay_temple_entry_large_hall
D:5:      layout_cave_pools, evilmike_ruin_ashenzari,
          nicolae_elevator_lobby_asterisk, uniq_grinder
D:6:      layout_basic, general_overflow_altar
D:7:      layout_basic
D:8:      nicolae_BIG_FREAKIN_CUBE, layout_basic, grunt_qazlal_clouds,
          grunt_ministairs_2
D:9:      layout_gridville, okawaru_metal_pillars_1_2, jmf_multi_god_temple2,
          lair_entry_dummy, minivault_22, hive_lemuel
Lair:1:   minmay_guarded_unrand_snakebite, layout_gridlike,
          nicolae_lair_lakeside_cave, grunt_megastairs_5, uniq_urug

Skill      XL: |  1  2  3  4  5  6  7  8  9 10 11 |
---------------+----------------------------------+-----
Armour         | 2 3 4 5 6 |  6.2
Short Blades   | 4 5 6 7 9 10 | 10.0
Fighting       | 4 5 6 |  6.3
Long Blades    | 1 2 3 5 8 12 | 12.6
Slings         | 2 5 |  5.3
Throwing       | 2 5 |  5.8
Dodging        | |  1.5

Action                   |  1- 3 |  4- 6 |  7- 9 | 10-12 || total
-------------------------+-------+-------+-------+-------++-------
Melee: Short sword       |   124 |    97 |   419 |   207 ||   847
       Tailslap          |    13 |    16 |    69 |    59 ||   157
       Scimitar          |       |       |       |   168 ||   168
 Fire: Fustibalus        |       |       |       |    39 ||    39
Throw: Stone             |     8 |       |       |       ||     8
       Dart              |       |     6 |     2 |     1 ||     9
       Javelin           |       |       |     3 |       ||     3
Invok: Berserk           |     1 |     3 |    11 |    10 ||    25
       Trog's Hand       |       |       |     1 |     2 ||     3
       Brothers in Arms  |       |       |       |     1 ||     1
 Abil: Rolling Charge    |    27 |    19 |    21 |     5 ||    72
Evoke: Wand              |       |       |       |     2 ||     2
  Use: Scroll            |       |       |    14 |     2 ||    16
       Potion            |       |       |       |     2 ||     2
 Stab: Distracted        |       |       |       |     1 ||     1
Armor: Leather armour    |    24 |       |       |       ||    24
       Plate armour      |    27 |    23 |   119 |   204 ||   373
Dodge: Dodged            |    22 |    10 |    29 |    44 ||   105
Block: Other             |       |    11 |    46 |    63 ||   120
       Reflection        |       |     1 |     3 |     1 ||     5

Table legend: (Time is in decaauts)
 A = Elapsed time spent in this place.
 B = Non-inter-level travel time spent in this place.
 C = Inter-level travel time spent in this place.
 D = Time resting spent in this place.
 E = Time spent auto-exploring this place.
 F = Levels seen in this place.
 G = Mean time per level.
                   A        B        C        D        E       F      G
               +--------+--------+--------+--------+--------+-----+--------+
         Total |  12718 |  12460 |    258 |   2699 |   8269 |  10 | 1271.8 |
       Dungeon |  10486 |  10229 |    257 |   1856 |   7206 |   9 | 1165.1 |
          Lair |   2232 |   2232 |      0 |    843 |   1063 |   1 | 2232.0 |
               +--------+--------+--------+--------+--------+-----+--------+

Top non-repeatable levels by time:
  Lair:1: 2232 daAuts
     D:9: 1805 daAuts
     D:8: 1651 daAuts
     D:7: 1545 daAuts
     D:6: 1214 daAuts
     D:4: 1078 daAuts
     D:1: 1000 daAuts
     D:2: 747 daAuts
     D:5: 728 daAuts
     D:3: 715 daAuts
